 Dungeon Crawl Stone Soup version 0.24.0-123-gd5b16e6ec5 (webtiles) character file.

Game seed: 13045981634775504885, levelgen mode: deterministic

933 FishyPogo the Shield-Bearer (level 7, 0/64 HPs)
             Began as a Minotaur Fighter on Dec 31, 2019.
             Was a Believer of Elyvilon.
             Slain by an ogre
             ... wielding a +0 giant spiked club
              (19 damage)
             ... on level 6 of the Dungeon.
             The game lasted 00:12:18 (4538 turns).

FishyPogo the Shield-Bearer (Minotaur Fighter)      Turns: 4538, Time: 00:12:19

Health: 0/64       AC:  8    Str: 22    XL:     7   Next: 86%
Magic:  6/6        EV:  8    Int:  5    God:    Elyvilon [**....]
Gold:   341        SH: 10    Dex: 10    Spells: 6/6 levels left

rFire    . . .     SeeInvis .   D - +4 whip of Greed {slash, rN++}
rCold    . . .     Gourm    .   c - +0 shield
rNeg     + + .     Faith    .   b - +0 scale mail
rPois    .         Spirit   .   (helmet restricted)
rElec    .         Reflect  .   (no cloak)
rCorr    .         Harm     .   q - +0 pair of gloves
MR       .....                  (no boots)
Stlth    ..........             (no amulet)
HPRegen  0.20/turn              (no ring)
MPRegen  0.10/turn              (no ring)

@: about to teleport, marked
A: retaliatory headbutt, horns 2
a: Lesser Healing, Heal Other, Divine Protection, Renounce Religion


You were on level 6 of the Dungeon.
You worshipped Elyvilon.
Elyvilon was pleased with you.
You were not hungry.

You visited 1 branch of the dungeon, and saw 6 of its levels.
You also visited: Sewer.

You collected 341 gold pieces.

Inventory:

Hand Weapons
 a - a +0 war axe
 p - a +1 whip of flaming
 D - the +4 whip of Greed (weapon) {slash, rN++}
   (You found it on level 5 of the Dungeon)

   It inflicts extra damage upon your enemies.
   It greatly protects you from negative energy.
Missiles
 i - 153 stones (quivered)
 t - 15 poisoned darts
 u - 8 silver boomerangs
 y - 4 boomerangs
Armour
 b - a +0 scale mail (worn)
 c - a +0 shield (worn)
 q - a +0 pair of gloves (worn)
Scrolls
 e - 4 scrolls of remove curse
 g - a scroll of teleportation
 j - 3 scrolls of identify
 l - 2 scrolls of blinking
 m - 3 scrolls of magic mapping
 o - 2 scrolls of amnesia
 v - 2 scrolls of enchant armour {unknown}
 w - 2 scrolls of enchant weapon {unknown}
 C - a scroll of immolation {unknown}
Potions
 d - 6 potions of might
 h - 3 potions of curing
 k - a potion of heal wounds
 n - a potion of magic
 r - 2 potions of brilliance {unknown}
 s - 2 potions of haste {unknown}
 x - a potion of agility
 A - 2 potions of mutation
Comestibles
 f - 9 rations
 z - 2 chunks of flesh


   Skills:
 + Level 6.9 Fighting
 - Level 4.2(4.7) Axes
 * Level 3.1(4.1) Maces & Flails
 + Level 5.7 Armour
 * Level 7.1 Shields


You had 6 spell levels left.
You didn't know any spells.
Your spell library was empty.

Dungeon Overview and Level Annotations

Branches:
Dungeon (6/15)              Sewer (visited)
 Temple: D:4-7

Altars:
Elyvilon
Gozag
Hepliaklqana
Ru

Annotations:
D:4 1 runed translucent door, Delamore's ghost, amateur HOFi


Innate Abilities, Weirdness & Mutations

You reflexively headbutt those who attack you in melee.
You have a pair of horns on your head.


Message History

The hound bites you.
* * * LOW HITPOINT WARNING * * *
The phantom hits you! Elyvilon protects you from harm!
The phantom blinks!
You block the ogre's attack. You block the centaur's attack.
You feel much better. You block the adder's attack. The hound bites you.
* * * LOW HITPOINT WARNING * * *
The centaur hits you but does no damage.
The phantom blinks!
An orc comes into view. It is wielding a +0 club.
The orc hits you but does no damage.
Unknown command.
Okay, then.
As you read the scroll labeled EBIGES UJAA, it crumbles to dust.
You feel strangely unstable.
It was a scroll of teleportation.
The hound bites you but does no damage. You block the adder's attack.
You block the centaur's attack.
The ogre hits you with a +0 giant spiked club!!
You die...

..$....##.#.#..#..#.#
.. .......
#.#.#.c...#.# ...
.....
#.#.o#(##.#)###....
..
#.##.#O#..#........
#o.o...#..#........
#.o....#..#.######.
#WZs...#..#.#
#hSOo#+#....###
#.@oSo.........#
#Foc<.............
#...#lr........###
#...#..........#
#...#..........#
#...#..........#
#####..........#
#..........
..........


You could see a phantom, an orc warrior, 2 ogres, a bullfrog, a centaur, a
scorpion, an iguana, a hound, an orc wizard, 2 adders, 6 orcs, a quokka and a
centaur skeleton.

Vanquished Creatures
  A phantom (D:6)
  A bullfrog (D:6)
  2 scorpions
  2 crimson imps (D:5)
  A quasit (D:5)
  4 bullfrog skeletons
  A jelly (D:5)
  3 orc priests (D:5)
  4 orc wizards
  A centaur skeleton (D:4)
  11 adders
  3 oozes
  2 worms
  3 dart slugs
  3 leopard geckos
  14 orcs
  3 giant cockroaches
  5 goblins
  6 hobgoblins
  13 jackals
  A quokka (D:5)
  6 ball pythons
  4 bats
  5 frilled lizards
  15 kobolds
  A quokka skeleton (D:4)
  2 rats
  4 fungi (D:5)
  4 plants (Sewer)
125 creatures vanquished.

Vanquished Creatures (others)
  An orc (D:4)
  A quokka (D:4)
2 creatures vanquished.

Grand Total: 127 creatures vanquished

Notes
Turn   | Place    | Note
-------+----------+-------------------------------------------
     0 | D:1      | FishyPogo the Minotaur Fighter began the quest for the Orb.
     0 | D:1      | Reached XP level 1. HP: 19/19 MP: 0/0
   427 | D:2      | Reached XP level 2. HP: 15/27 MP: 1/1
   751 | D:2      | Reached XP level 3. HP: 25/33 MP: 2/2
   763 | D:2      | Reached skill level 4 in Shields
   977 | D:4      | Found a white marble altar of Elyvilon.
   993 | D:4      | Became a worshipper of Elyvilon the Healer
  1003 | D:4      | Reached XP level 4. HP: 6/41 MP: 3/3
  1086 | D:4      | Found a glowing drain.
  1106 | D:4      | Found an opulent altar of Gozag.
  1116 | Sewer    | Entered a sewer
  1499 | Sewer    | Reached skill level 5 in Fighting
  1917 | D:2      | Reached XP level 5. HP: 48/48 MP: 4/4
  2111 | D:2      | Reached * piety under Elyvilon
  2254 | D:3      | Found a hazy altar of Hepliaklqana.
  2614 | D:4      | Reached skill level 5 in Shields
  2666 | D:4      | Found a runed translucent door.
  2945 | D:4      | Reached XP level 6. HP: 46/57 MP: 5/5
  3162 | D:4      | Noticed Delamore's ghost (amateur HOFi)
  3190 | D:5      | Entered Level 5 of the Dungeon
  3339 | D:5      | Reached skill level 5 in Armour
  3544 | D:5      | Reached skill level 6 in Shields
  3586 | D:5      | Found a sacrificial altar of Ru.
  3593 | D:5      | Reached XP level 7. HP: 49/64 MP: 6/6
  3672 | D:5      | Reached ** piety under Elyvilon
  3711 | D:5      | Got a fine whip
  3712 | D:5      | Identified the +4 whip of Greed {slash, rN++} (You found it
                  | on level 5 of the Dungeon)
  3796 | D:5      | Reached skill level 1 in Maces & Flails
  4481 | D:6      | Reached skill level 7 in Shields
  4533 | D:6      | Elyvilon protects you from harm!
  4536 | D:6      | Elyvilon protects you from harm!
  4538 | D:6      | Slain by an ogre

Levels and vault maps discovered:
D:1:      nicolae_arrival_somewhat_less_tricky_arrival, layout_basic
D:2:      layout_rooms
D:3:      layout_basic, overflow_temple_1_default, first_ration
D:4:      layout_basic, elyvilon_altar_4, kennysheep_mini,
          cheibrodos_sewer_entry_drain, ebering_ghost_reflecting_pool
D:5:      kennysheep_big_flooded_room, layout_loops_corners,
          kennysheep_little_box, water_boxes_lemuel
D:6:      layout_basic, fedhas_altar_3, minmay_temple_entry_gardened_gates,
          serial_shops, shop, nemelex_dance_club_becter

Skill      XL: |  1  2  3  4  5  6  7 |
---------------+----------------------+-----
Fighting       | 4 5 6 |  6.9
Armour         | 4 5 |  5.7
Shields        | 4 5 6 7 |  7.1
Axes           | 3 4 |  4.2
Maces & Flails | 3 |  3.1

Action                   |  1- 3 |  4- 6 |  7- 9 || total
-------------------------+-------+-------+-------++-------
Melee: War axe           |    53 |   275 |    13 ||   341
       Headbutt          |    11 |    41 |    22 ||    74
       Whip              |       |       |    79 ||    79
Throw: Stone             |       |     5 |       ||     5
Invok: Divine Protection |       |     1 |       ||     1
       Lesser Healing    |       |       |     1 ||     1
  Use: Scroll            |     4 |     3 |     6 ||    13
       Potion            |       |       |     4 ||     4
  Eat: Chunk             |       |     9 |     4 ||    13
Armor: Scale mail        |    24 |   169 |    35 ||   228
Dodge: Dodged            |    30 |    94 |    19 ||   143
Block: Shield            |    33 |   170 |    49 ||   252
